Map: Nightscape LE

Players

Donjohnson

  • Race: Terran Terran
  • League: Gold
  • Spawn Location: 1:00

Becksaw

  • Race: Zerg Zerg
  • Spawn Location: 1:00

Massa - Winner!

  • Race: Terran Terran
  • League: Platinum
  • Spawn Location: 7:00

qqq - Winner!

  • Race: Zerg Zerg
  • Spawn Location: 7:00

VOD

Have the link to the VOD?

Description

Time

  • Played on: Nov. 4, 2020, 2:30 p.m.
  • Length: 13:24
Show
View Real Time Build Order
Export as new Build Order

Donjohnson Terran 

Build Orders: Reaper Expand 

Get SALT Encoding   

  12  0:00  SCV  
  13  0:12  SCV  
  14  0:17  Supply Depot  
  14  0:24  SCV  
  15  0:38  SCV  
  15  0:41  Barracks  
  16  0:45  Refinery  
  16  0:50  SCV  
  17  1:03  SCV  
  18  1:18  SCV  
  18  1:36  Reaper  
  18  1:38  Orbital Command  
  19  1:50  Command Center  
  19  1:58  Supply Depot  
  19  2:06  SCV  
  20  2:21  SCV  
  21  2:24  Factory  
  21  2:38  Barracks Reactor  
  21  2:41  SCV  
  22  2:51  Refinery  
  22  2:57  SCV  
  27  3:05  Orbital Command  
  23  3:09  SCV  
  24  3:20  Starport  
  24  3:22  SCV  
  24  3:23  Marine  
  24  3:25  Hellion x2  
  30  3:42  SCV, Marine  
  32  3:53  SCV  
  32  3:57  Hellion x2  
  32  4:00  Marine  
  35  4:14  SCV  
  35  4:15  Starport Reactor  
  36  4:17  Marine  
  36  4:18  Hellion x2  
  36  4:21  Barracks x2  
  36  4:22  Barracks, Engineering Bay  
  41  4:24  Engineering Bay  
  41  4:31  SCV x2  
  41  4:37  Barracks Tech Lab  
  43  4:42  Hellion  
  43  4:43  SCV  
  46  4:51  Supply Depot  
  46  4:59  SCV  
  46  5:13  SCV x2, Hellion x2  
  52  5:15  Supply Depot  
  52  5:16  Supply Depot  
  52  5:25  SCV  
  52  5:26  SCV  
  46  5:30  Refinery, Barracks Reactor, Command Center  
  46  5:31  Barracks Reactor  
  46  5:32  Barracks Reactor  
  46  5:35  Starport, Hellion  
  48  5:38  Medivac  
  48  5:42  Command Center  
  50  5:44  Marine  
  50  5:49  SCV  
  52  5:50  SCV  
  52  5:52  Stimpack  
  53  5:58  Supply Depot  
  53  6:00  Supply Depot  
  53  6:01  Marine  
  54  6:15  Barracks  
  54  6:16  Factory Tech Lab  
  54  6:19  Marine x3  
  54  6:20  Marine x3  
  54  6:21  Marine  
  54  6:25  Terran Infantry Weapons Level 1  
  61  6:31  SCV  
  62  6:35  Terran Infantry Armor Level 1, SCV  
  62  6:37  Marine x3  
  66  6:44  Refinery  
  66  6:48  Marine x4  
  66  6:53  SCV x2  
  72  6:55  Marine x3  
  72  6:57  Orbital Command  
  75  7:03  Armory  
  75  7:05  Marine  
  76  7:09  SCV, Marine  
  76  7:10  SCV, Marine  
  76  7:11  Marine  
  81  7:17  Medivac x2  
  81  7:20  Marine  
  81  7:21  Marine  
  87  7:29  Marine  
  77  7:30  SCV, Marine  
  80  7:40  Marine x7  
  81  7:47  Marine  
  81  7:48  Marine  
  78  7:54  SCV  
  78  7:55  SCV  
  78  7:57  Marine  
  78  7:58  Marine  
  76  8:06  Marine x2  
  78  8:13  SCV, Marine  
  78  8:17  SCV  
  82  8:24  Orbital Command, Marine  
  82  8:25  SCV  
  83  8:29  SCV  
  83  8:30  Barracks  
  83  8:31  Barracks  
  83  8:32  Terran Infantry Weapons Level 2  
  83  8:33  Terran Infantry Armor Level 2, Barracks  
  84  8:34  Barracks  
  84  8:35  Marine x2  
  84  8:38  SCV  
  84  8:41  SCV  
  85  8:49  Marine  
  85  8:53  SCV, Marine x2  
  85  8:54  Marine x2  
  75  9:05  Marine x4  
  75  9:07  Marine  
  80  9:10  Marine  
  80  9:11  Marine  
  80  9:12  Marine x2  
  84  9:22  SCV  
  84  9:23  Marine x2  
  84  9:24  Marine x2  
  82  9:25  Marine  
  82  9:26  SCV  
  82  9:28  Marine  
  82  9:29  Marine  
  87  9:34  Marine  
  87  9:35  Marine  
  89  9:40  Marine  
  89  9:41  Barracks Reactor x2, Marine x2  
  89  9:42  Orbital Command, Marine  
  89  9:45  Marine  
  93  9:47  Marine  
  95  9:58  Marine x2  
  95  9:59  Marine  
  97  10:00  SCV, Marine x2  
  97  10:01  Marine  
  100  10:14  Marine x3  
  100  10:16  Marine x2  
  100  10:17  Marine  
  100  10:18  Marine x2  
  105  10:26  Marine x5  
  82  10:32  Marine x2  
  77  10:36  Marine x3  
  77  10:37  Marine  
  77  10:41  Marine x2  
  75  10:48  Missile Turret  
  75  10:57  Marine  
  75  10:58  Marine  
  75  11:03  SCV  
  78  11:18  SCV  
  78  11:19  SCV x2, Marine x4  
  78  11:20  Marine x7  
  78  11:21  Marine x2  
  94  11:32  Medivac  
  94  11:33  Medivac  
  94  11:36  Siege Tank  
  94  11:37  Refinery, Marine x5  
  94  11:38  Refinery, Marine x3  
  108  11:40  Marine  
  101  12:04  Marine x2, Missile Turret  
  101  12:05  Marine x5  
  101  12:06  Missile Turret x4  
  101  12:08  Marine  
  109  12:09  Missile Turret  
  109  12:10  Missile Turret  
  109  12:16  Armory  
  109  12:19  SCV  
  109  12:20  Armory, Marine  
  109  12:22  Marine  
  109  12:24  SCV, Marine, Ghost Academy  
  109  12:26  Marine, Ghost Academy  
  109  12:28  Ghost Academy  
  108  12:33  Medivac  
  108  12:36  Medivac  
  108  12:52  Missile Turret  
  108  12:55  SCV  
  109  13:12  Supply Depot  
  109  13:13  Supply Depot x3  
  109  13:14  Supply Depot  
  109  13:15  Supply Depot  
  109  13:21  Missile Turret  
Show
View Real Time Build Order
Export as new Build Order

Becksaw Zerg 

Build Orders: Hatch First 

Get SALT Encoding   

  12  0:00  Drone  
  13  0:13  Overlord  
  13  0:17  Drone  
  14  0:31  Drone x2  
  14  0:35  Drone  
  17  0:55  Hatchery  
  16  0:57  Drone  
  16  0:59  Drone  
  16  1:02  Extractor  
  17  1:07  Drone  
  18  1:18  Spawning Pool  
  17  1:26  Drone  
  17  1:28  Drone  
  19  1:40  Drone  
  20  1:59  Overlord  
  20  2:02  Drone  
  20  2:07  Queen x2  
  25  2:08  Zergling x2  
  25  2:12  Drone  
  27  2:18  Drone  
  28  2:28  Drone  
  29  2:30  Drone  
  29  2:34  Drone  
  31  2:41  Drone  
  31  2:43  Queen  
  34  2:48  Drone  
  34  2:51  Drone  
  36  2:54  Hatchery  
  36  2:55  Drone  
  36  3:01  Overlord  
  36  3:09  Overlord  
  36  3:20  Zergling x10  
  41  3:27  Zergling x4  
  41  3:30  Zergling x4  
  44  3:45  Zergling x4  
  45  3:52  Zergling x2  
  45  3:53  Zergling x6  
  49  3:58  Metabolic Boost  
  49  4:01  Spine Crawler  
  48  4:06  Drone x2  
  46  4:27  Baneling Nest  
  45  4:34  Hatchery  
  44  4:53  Drone x8  
  52  5:00  Overlord x4  
  52  5:01  Overlord  
  52  5:20  Zergling x4  
  52  5:21  Baneling x5  
  54  5:22  Baneling  
  54  5:23  Zergling x2  
  54  5:24  Zergling x6  
  54  5:25  Drone  
  54  5:27  Drone  
  54  5:28  Drone x2  
  62  5:32  Drone  
  63  5:42  Zergling x2  
  64  5:43  Zergling x2  
  64  5:44  Zergling x2  
  66  5:58  Extractor x2  
  66  5:59  Lair  
  64  6:06  Evolution Chamber  
  64  6:07  Evolution Chamber  
  62  6:21  Queen  
  62  6:23  Drone x10  
  62  6:25  Drone x3  
  77  6:30  Drone, Hatchery  
  77  6:33  Baneling  
  77  6:34  Baneling x7  
  77  6:38  Extractor, Drone  
  77  6:39  Drone x2  
  79  6:46  Hatchery, Drone x2  
  79  6:47  Drone, Extractor  
  80  6:48  Extractor  
  80  6:51  Queen  
  81  6:56  Drone x2  
  81  6:57  Drone x3  
  81  7:00  Drone  
  87  7:01  Zergling x2  
  88  7:10  Baneling, Spire  
  88  7:11  Baneling x2  
  88  7:12  Zergling x2  
  88  7:28  Zergling x2  
  88  7:29  Zergling x18  
  77  7:59  Queen  
  77  8:00  Queen  
  78  8:11  Spore Crawler  
  75  8:13  Spore Crawler, Overlord x3  
  75  8:17  Spore Crawler  
  75  8:19  Drone x9  
  82  8:27  Mutalisk  
  82  8:28  Mutalisk x9  
  82  8:30  Zerg Flyer Weapons Level 1  
  102  8:41  Extractor x2  
  100  8:50  Mutalisk  
  100  8:51  Mutalisk x5  
  112  8:55  Zergling x2  
  112  8:56  Zergling x8  
  117  9:28  Zergling x2  
  117  9:29  Mutalisk x7  
  126  9:47  Zerg Melee Weapons Level 1, Zerg Ground Armor Level 1  
  126  9:55  Drone x3  
  126  9:56  Drone x3  
  126  9:59  Extractor x2  
  126  10:01  Baneling  
  126  10:02  Baneling x7, Zergling x2  
  126  10:03  Zergling x14  
  107  10:34  Mutalisk x6  
  107  10:35  Mutalisk  
  113  10:45  Drone  
  114  10:53  Mutalisk  
  114  10:54  Mutalisk  
  114  10:55  Mutalisk x2  
  109  11:12  Mutalisk x4  
Show
View Real Time Build Order
Export as new Build Order

Massa Terran - Winner!

Build Orders: Reaper Expand 

Get SALT Encoding   

  12  0:00  SCV  
  13  0:12  SCV  
  14  0:19  Supply Depot  
  14  0:24  SCV  
  15  0:40  SCV  
  15  0:42  Barracks  
  16  0:49  Refinery  
  16  0:52  SCV  
  17  1:04  SCV  
  18  1:16  SCV  
  19  1:32  Orbital Command  
  19  1:35  Reaper  
  20  1:40  Command Center  
  20  1:58  SCV  
  21  2:07  Marine  
  22  2:22  SCV  
  23  2:28  Supply Depot  
  23  2:36  Factory  
  23  2:39  Barracks Reactor  
  23  2:49  Supply Depot  
  23  2:50  SCV  
  24  2:52  Refinery  
  24  2:55  Orbital Command  
  24  2:59  Barracks  
  24  3:02  SCV  
  25  3:14  SCV  
  25  3:15  Marine x2  
  28  3:22  Ghost Academy  
  28  3:26  SCV, Engineering Bay  
  29  3:28  SCV  
  29  3:32  Factory Tech Lab  
  30  3:38  SCV  
  30  3:40  SCV  
  31  3:48  Marine x2  
  31  3:51  Siege Tank  
  31  3:52  Barracks Tech Lab  
  36  3:59  Missile Turret  
  36  4:04  Personal Cloaking  
  36  4:06  Marine x2  
  36  4:08  SCV  
  36  4:09  Refinery, SCV  
  40  4:10  Refinery  
  40  4:15  Missile Turret  
  40  4:20  SCV  
  40  4:21  SCV, Marauder  
  40  4:23  Widow Mine  
  46  4:24  Marine  
  46  4:30  Marine  
  48  4:34  SCV x2  
  50  4:42  Marauder, Marine  
  53  4:46  SCV  
  53  4:50  Terran Infantry Weapons Level 1  
  54  4:54  Supply Depot  
  54  4:59  Supply Depot  
  54  5:01  Missile Turret  
  54  5:05  SCV  
  54  5:15  Ghost  
  54  5:16  Widow Mine, SCV, Marine  
  60  5:22  Marine  
  60  5:36  Nuke  
  60  5:37  Starport, Siege Tank  
  63  5:44  Armory  
  63  5:45  Marauder  
  63  5:46  Missile Turret  
  65  5:55  Marine x2  
  67  6:02  Barracks  
  67  6:06  Marauder  
  69  6:15  Command Center  
  69  6:16  SCV  
  70  6:24  Supply Depot  
  70  6:27  Supply Depot  
  70  6:30  Supply Depot  
  70  6:46  SCV, Medivac  
  73  6:57  Terran Infantry Armor Level 1  
  73  7:01  Barracks Tech Lab  
  73  7:02  Stimpack  
  73  7:07  Command Center  
  73  7:11  Marauder, Marine x2  
  73  7:13  Siege Tank  
  80  7:16  Viking  
  82  7:29  Marine  
  83  7:32  Marauder  
  72  7:45  Siege Tank  
  71  8:13  Marauder x2, Marine  
  71  8:14  Marine  
  71  8:18  Siege Tank  
  78  8:31  Marine  
  78  8:32  Marine  
  82  8:34  Marauder x2  
  84  8:49  Marine  
  84  8:50  Marine  
  84  8:56  Marauder x2  
  86  9:07  Marine  
  81  9:11  Marine  
  82  9:17  Marauder x2  
  82  9:18  Orbital Command x2  
  82  9:21  SCV x2  
  86  9:25  Marine  
  86  9:29  Marine  
  86  9:33  SCV x2  
  86  9:35  Nuke  
  86  9:37  Medivac  
  92  9:38  Marauder x2  
  92  9:42  Marine  
  92  9:45  SCV, Barracks  
  96  9:46  Barracks x4  
  96  9:47  Marine  
  96  9:48  Factory  
  96  9:50  Missile Turret  
  97  9:53  SCV x3  
  97  9:57  SCV  
  97  9:59  Marine x2, Missile Turret  
  103  10:00  Marine, Missile Turret  
  103  10:04  Missile Turret  
  103  10:06  SCV x2  
  106  10:07  Medivac  
  106  10:08  Missile Turret  
  106  10:11  Missile Turret  
  102  10:17  Marauder  
  98  10:31  Missile Turret  
  98  10:35  Missile Turret  
  98  10:37  Missile Turret  
  98  10:38  Missile Turret  
  98  10:39  Medivac  
  100  10:43  Barracks Reactor x2, Barracks Tech Lab x3  
  100  10:45  Ghost x2  
  100  10:46  Marine x2  
  106  10:50  Factory Tech Lab, Siege Tank  
  109  11:01  Missile Turret  
  109  11:02  SCV x4  
  113  11:04  Marine x2, Missile Turret  
  113  11:06  Refinery  
  113  11:07  Missile Turret  
  113  11:09  Refinery, Medivac  
  117  11:14  SCV x4  
  121  11:23  Siege Tank  
  124  11:27  Missile Turret  
  124  11:35  Supply Depot x2  
  124  11:37  Supply Depot x3  
  124  11:39  Supply Depot x2  
  124  11:40  Supply Depot  
  124  11:49  SCV, Marine  
  124  11:56  Medivac, Siege Tank  
  124  11:57  Marauder x2  
  124  12:01  Marauder x2, Marine x4  
  138  12:02  Marauder, Marine  
  138  12:07  Marine, Concussive Shells  
  145  12:17  Engineering Bay  
  145  12:18  Marauder, Marine x2  
  149  12:23  SCV x3  
  149  12:27  Orbital Command  
  152  12:35  SCV x3  
  155  12:47  SCV x2  
  155  12:49  SCV  
  158  12:55  Marauder x5, Marine  
  158  12:56  Marine x2  
  171  12:59  SCV x2  
  171  13:01  SCV  
  171  13:03  Supply Depot  
  174  13:07  Supply Depot  
  174  13:11  SCV x2  
  176  13:18  Refinery x2  
  186  13:23  Missile Turret  
Show
View Real Time Build Order
Export as new Build Order

qqq Zerg - Winner!

Build Orders: Hatch First 

Get SALT Encoding   

  12  0:01  Drone  
  13  0:09  Drone  
  14  0:40  Hatchery  
  13  0:46  Drone  
  14  0:56  Spawning Pool  
  13  1:05  Overlord  
  13  1:10  Extractor  
  13  1:11  Drone  
  13  1:18  Drone  
  14  1:31  Drone  
  14  1:32  Drone  
  16  1:38  Drone  
  17  1:46  Queen  
  19  1:50  Zergling x2  
  19  1:53  Zergling x2  
  21  2:06  Zergling x2  
  22  2:08  Zergling x2  
  22  2:14  Zergling x2  
  24  2:17  Extractor  
  24  2:23  Zergling x2  
  24  2:28  Metabolic Boost  
  25  2:32  Zergling x2  
  25  2:33  Zergling x2  
  25  2:36  Drone  
  27  2:43  Zergling x2  
  28  2:54  Overlord  
  28  3:00  Overlord  
  28  3:12  Queen, Zergling x2  
  31  3:13  Drone  
  31  3:14  Drone  
  31  3:15  Drone  
  31  3:19  Zergling x2  
  35  3:26  Zergling x2  
  35  3:27  Zergling x2  
  37  3:46  Zergling x4  
  37  3:47  Drone x3  
  30  4:24  Drone x3  
  30  4:30  Zergling x2  
  30  4:31  Zergling x2  
  35  4:35  Hatchery  
  34  4:40  Lair  
  34  4:42  Drone  
  34  4:43  Hatchery  
  34  4:46  Drone  
  34  4:48  Drone  
  35  5:05  Zergling x4  
  35  5:06  Drone x3  
  41  5:07  Drone  
  41  5:12  Drone  
  40  5:27  Drone  
  40  5:28  Drone x2  
  43  5:29  Overlord x3  
  43  5:39  Spire  
  43  5:40  Extractor  
  43  5:42  Extractor  
  40  5:44  Extractor, Drone x3  
  40  5:48  Drone  
  40  5:49  Queen  
  45  5:58  Drone  
  45  6:02  Drone x4  
  45  6:03  Drone x3  
  53  6:05  Drone  
  53  6:07  Drone  
  53  6:08  Drone  
  56  6:12  Overlord  
  56  6:17  Drone  
  57  6:19  Queen  
  57  6:23  Overlord  
  57  6:25  Drone  
  60  6:26  Drone  
  60  6:31  Drone  
  60  6:32  Drone  
  63  6:33  Overlord  
  63  6:34  Overlord  
  63  6:40  Drone x2  
  63  6:45  Drone  
  66  6:48  Drone x3  
  66  6:52  Overlord  
  66  6:53  Mutalisk x2  
  69  6:55  Mutalisk  
  69  7:00  Spore Crawler  
  75  7:01  Drone x2  
  75  7:02  Drone  
  75  7:03  Drone  
  75  7:04  Mutalisk  
  80  7:08  Zerg Flyer Weapons Level 1  
  80  7:09  Mutalisk  
  80  7:12  Drone x2  
  80  7:14  Drone  
  80  7:15  Drone  
  86  7:22  Mutalisk x2  
  90  7:25  Extractor  
  90  7:28  Extractor  
  88  7:34  Mutalisk x3  
  88  7:36  Drone x4  
  82  7:52  Mutalisk x2  
  82  7:53  Zergling x4  
  82  7:54  Zergling x8  
  82  7:55  Drone x4  
  82  7:56  Drone x2  
  98  8:12  Hatchery  
  97  8:22  Drone x2, Mutalisk  
  97  8:23  Mutalisk x2  
  105  8:27  Overlord x4  
  105  8:28  Overlord  
  105  8:31  Spine Crawler  
  104  8:38  Hatchery  
  98  8:59  Mutalisk x5  
  98  9:00  Mutalisk  
  110  9:04  Drone x2  
  112  9:11  Zerg Flyer Armor Level 1  
  112  9:20  Mutalisk x2  
  112  9:22  Zergling x4, Overlord  
  112  9:23  Overlord x3  
  118  9:24  Drone  
  114  9:39  Extractor  
  114  9:42  Extractor, Mutalisk x4  
  114  9:44  Drone  
  115  9:47  Queen  
  115  9:49  Drone, Mutalisk  
  115  9:51  Zergling x4, Overlord x5  
  122  9:54  Drone  
  123  10:03  Mutalisk x2  
  123  10:04  Drone  
  123  10:05  Drone  
  127  10:17  Drone x2  
  129  10:22  Spine Crawler  
  123  10:39  Mutalisk x4  
  123  10:40  Mutalisk x3  
  137  10:45  Drone x2  
  137  10:46  Drone x4  
  142  11:00  Mutalisk x4  
  150  11:14  Drone x3  
  150  11:15  Drone  
  154  11:30  Drone x4, Mutalisk x5  
  154  11:32  Overlord x5  
  164  11:50  Extractor  
  164  11:51  Extractor  
  162  12:06  Mutalisk x3, Infestation Pit  
  162  12:07  Zergling x2  
  162  12:08  Zergling x10  
  173  12:09  Drone x3  
  173  12:10  Drone x3  
  173  12:14  Hatchery, Evolution Chamber  
  173  12:15  Evolution Chamber  
  176  12:23  Hatchery  
  168  12:39  Mutalisk x4  
  168  12:40  Mutalisk x3  
  168  12:41  Drone x4  
  185  13:06  Zergling x8  
  185  13:07  Zergling x10  
Tags
 
Add a new tag
Caveats
  • Supply blocks, unpowered buildings, or Contaminate may cause inaccurate times.
  • Supply counts are checked every 10 seconds.